 Dungeon Crawl Stone Soup version 0.28.0 (webtiles) character file.

Game seed: 15413405545577406177

17948 fragbeetle the Fighter (level 12, -2/77 HPs)
             Began as a Gargoyle Earth Elementalist on Feb 19, 2022.
             Was a Priest of Vehumet.
             Slain by an alligator skeleton (16 damage)
             ... in a volcano.
             The game lasted 00:33:39 (14576 turns).

fragbeetle the Fighter (GrEE)                      Turns: 14576, Time: 00:33:41

Health: -2/77      AC: 20    Str: 13    XL:     12   Next: 53%
Magic:  14/28      EV: 11    Int: 20    God:    Vehumet [***...]
Gold:   540        SH:  0    Dex: 10    Spells: 10/21 levels left

rFire   + + .      SeeInvis .   j - +10 trident "Zaowk" {protect, rF+ rC+ rN+ Will+}
rCold   . . .      Faith    .   (no shield)
rNeg    + + .      Spirit   .   W - +0 acid dragon scales
rPois   ∞          Reflect  .   E - +0 helmet
rElec   +          Harm     .   k - +0 cloak
rCorr   +          Rampage  .   (no gloves)
Will    +....                   (no boots)
Stlth   +.........              g - amulet of the acrobat
HPRegen 0.22/turn               O - ring of fire
MPRegen 0.21/turn               U - ring of magical power

@: no status effects
A: sickness immunity, AC +8, negative energy resistance 1, electricity
resistance, torment resistance 1, petrification resistance
a: Renounce Religion


You were in a volcano.
You worshipped Vehumet.
Vehumet was most pleased with you.
You visited 3 branches of the dungeon, and saw 13 of its levels.
You also visited: Volcano.

You collected 781 gold pieces.
You spent 241 gold pieces at shops.

Inventory:

Hand Weapons
 a - a +2 lajatang of flaming
 d - a +1 quick blade of flaming
 j - the +10 trident "Zaowk" (weapon) {protect, rF+ rC+ rN+ Will+}
   (You found it on level 2 of the Dungeon)

   It grants its wielder temporary protection when it strikes (+7 to AC).
   rF:        It protects you from fire.
   rC:        It protects you from cold.
   rN:        It protects you from negative energy.
   Will:      It increases your willpower.
Missiles
 c - 349 stones
 n - 26 poisoned darts
 C - a throwing net
 J - 7 boomerangs
 K - a curare-tipped dart
 Y - 6 silver boomerangs
Armour
 k - a +0 cloak (worn)
 E - a +0 helmet (worn)
 W - +0 acid dragon scales (worn)
Jewellery
 b - a ring of positive energy
 g - an amulet of the acrobat (around neck)
 O - a ring of fire (left hand)
 R - a ring of see invisible
 U - a ring of magical power (right hand)
Wands
 f - a wand of polymorph (3)
 q - a wand of iceblast (10)
 y - a wand of charming (11)
 z - a wand of digging (2)
 D - a wand of mindburst (17)
 L - a wand of flame (10)
 Q - a wand of paralysis (5)
Scrolls
 e - 2 scrolls of enchant armour
 l - a scroll of blinking
 p - 3 scrolls of teleportation
 s - 2 scrolls of fog
 u - 2 scrolls of brand weapon {unknown}
 w - 2 scrolls of noise {unknown}
 A - a scroll of fear {unknown}
 F - a scroll of holy word {unknown}
 N - a scroll of torment {unknown}
 T - a scroll of silence
Potions
 m - 2 potions of heal wounds
 r - 5 potions of brilliance
 t - 4 potions of attraction
 v - a potion of magic {unknown}
 B - a potion of cancellation {unknown}
 G - 4 potions of resistance
 H - 4 potions of lignification
 I - a potion of flight {unknown}
 M - 2 potions of curing
 P - 2 potions of berserk rage
Miscellaneous
 V - a condenser vane


   Skills:
 - Level 10.0 Fighting
 - Level 10.0 Polearms
 - Level 10.0 Armour
 - Level 1.5 Dodging
 - Level 2.1 Stealth
 - Level 5.0 Spellcasting
 - Level 5.5 Conjurations
 - Level 1.0 Transmutations
 - Level 10.0 Earth Magic
 + Level 3.9 Evocations


You had 10 spell levels left.
You knew the following spells:

 Your Spells              Type           Power      Damage    Failure   Level
a - Sandblast             Erth           90%        2d19      1%          1
b - Stone Arrow           Conj/Erth      72%        3d11      1%          3
c - Petrify               Tmut/Erth      27%        N/A       16%         4
d - Mephitic Cloud        Conj/Pois/Air  12%        N/A       6%          3

Your spell library contained the following spells:

 Spells                   Type           Power      Damage    Failure   Level
 Frozen Ramparts          Ice            10%        1d3       13%         3
 Magic Dart               Conj           100%       1d8       1%          1
 Passwall                 Tmut/Erth      22%        N/A       2%          2
 Beastly Appendage        Tmut           18%        N/A       11%         1
 Animate Skeleton         Necr           10%        N/A       16%         1
 Pain                     Necr           20%        1d5       16%         1
 Wereblood                Tmut           9%         N/A       16%         2
 Leda's Liquefaction      Hex/Erth       12%        N/A       21%         4
 Blink                    Tloc           10%        N/A       24%         2
 Call Imp                 Summ           5%         N/A       24%         2
 Irradiate                Conj/Tmut      9%         3d16      28%         5
 Spider Form              Tmut/Pois      7%         N/A       36%         3
 Call Canine Familiar     Summ           5%         N/A       43%         3
 Confusing Touch          Hex            5%         N/A       43%         3
 Gell's Gravitas          Tloc           5%         N/A       43%         3
 Lesser Beckoning         Tloc           5%         N/A       43%         3
 Portal Projectile        Hex/Tloc       10%        N/A       43%         3
 Teleport Other           Tloc           5%         N/A       43%         3
 Vampiric Draining        Necr           5%         2d6       43%         3
 Yara's Violent Unravell  Hex/Tmut       3%         3d4       63%         5
 Passage of Golubria      Tloc           5%         N/A       83%         4
 Manifold Assault         Tloc           5%         N/A       99%         5
 Metabolic Englaciation   Hex/Ice        2%         N/A       99%         5
 Silence                  Hex/Air        2%         N/A       99%         5
 Enfeeble                 Hex            2%         N/A       100%        7
 Storm Form               Tmut/Air       3%         N/A       100%        7
 Lehudib's Crystal Spear  Conj/Erth      18%        10d5      100%        8
 Sublimation of Blood     Necr           Unusable   N/A       N/A         2
 Statue Form              Tmut/Erth      Unusable   N/A       N/A         6

Dungeon Overview and Level Annotations

Branches:
Dungeon (11/15)            Temple (1/1) D:5            Lair (1/6) D:10
Volcano (1/1)
    Orc: D:9-12

Altars:
Ashenzari
Cheibriados
Dithmenos
Elyvilon
Fedhas
Gozag
Hepliaklqana
Kikubaaqudgha
Makhleb
Nemelex Xobeh
Okawaru
Qazlal
Ru
Sif Muna
Trog
Uskayaw
Vehumet
Wu Jian
Xom
Yredelemnul
Zin
The Shining One

Shops:
D:1 =   D:5 [((   D:7 [   D:10 !

Annotations:
D:8 exclusions: downstairs and upstairs, Maurice


Innate Abilities, Weirdness & Mutations

You are immune to sickness and miasma.
Your stone body is resilient. (AC +8)
You are immune to poison.
You resist negative energy. (rN+)
You are resistant to electric shocks. (rElec)
You are resistant to unholy torment.
You are immune to petrification.


Message History

Vehumet accepts your kill.
c - 351 stones
Casting: Sandblast (safe; 1% risk of failure)
Confirm with . or Enter, or press ? or * to list all spells.
Aiming: Stone Arrow (safe; 1% risk of failure)
Press: ? - help, Shift-Dir - straight line, f - alligator skeleton
Aim: an alligator skeleton (lightly damaged, 100% to hit)
The stone arrow hits the alligator skeleton!
The alligator skeleton is moderately damaged.
Unknown command.
Casting: Stone Arrow (safe; 1% risk of failure)
Confirm with . or Enter, or press ? or * to list all spells.
Aiming: Stone Arrow (safe; 1% risk of failure)
Press: ? - help, Shift-Dir - straight line, f/p - alligator skeleton
Aim: an alligator skeleton (moderately damaged, 100% to hit)
The stone arrow hits the alligator skeleton!!
The alligator skeleton is heavily damaged.
The alligator skeleton bites you.
The alligator skeleton tail-slaps you but does no damage.
Casting: Stone Arrow (safe; 1% risk of failure)
Confirm with . or Enter, or press ? or * to list all spells.
Aiming: Sandblast (safe; 1% risk of failure)
Press: ? - help, Shift-Dir - straight line, f/p - alligator skeleton
Aim: an alligator skeleton (heavily damaged, 100% to hit)
The blast of sand hits the alligator skeleton!
The alligator skeleton is severely damaged.
c - 350 stones The alligator skeleton bites you!
* * * LOW HITPOINT WARNING * * *
The alligator skeleton tail-slaps you but does no damage.
Casting: Sandblast (safe; 1% risk of failure)
Confirm with . or Enter, or press ? or * to list all spells.
Aiming: Sandblast (safe; 1% risk of failure)
Press: ? - help, Shift-Dir - straight line, f/p - alligator skeleton
Aim: an alligator skeleton (severely damaged, 100% to hit)
The blast of sand hits the alligator skeleton!
The alligator skeleton is almost destroyed.
c - 349 stones The alligator skeleton bites you!
You die...

#####################
#...##...'...#..@Z..#
#...##...#...)...#).#
#...##...#...#...#'##
###.##.#######'###..+
#.##.# +^.')#.Z#
##.##.## #######'#
##......#####..$# ..#
...............$#Zz.#
##.#..#.#####..$+...#


You could see an alligator skeleton.

Vanquished Creatures
  Erica (Lair:1)
  3 two-headed ogres (D:11)
  3 skeletal warriors
  2 anaconda skeletons (Volcano)
  4 gargoyles
  A cane toad (Lair:1)
  An unseen horror (D:11)
  4 trolls
  Sigmund (D:6)
  3 flying skulls (Volcano)
  An alligator skeleton (Volcano)
  A shadow (D:11)
  2 wyverns
  24 yaks
  2 steam dragons
  2 acid dragons
  A water moccasin (D:8)
  Duvessa (D:6)
  2 sky beasts (D:6)
  3 orc warriors
  A hornet zombie (D:9)
  An ogre (D:5)
  A centaur (D:11)
  A necrophage (D:7)
  4 wolves
  A phantom (D:7)
  A kobold brigand (D:8)
  Blork the orc (D:6)
  A gnoll sergeant (D:8)
  A bullfrog (D:8)
  4 scorpions
  Dowan (D:6)
  15 killer bees
  4 troll skeletons (Volcano)
  3 spriggan skeletons (Volcano)
  7 wights
  2 electric eels (D:10)
  4 howler monkeys
  8 centaur zombies
  6 hounds
  2 gnoll shamans
  2 bullfrog skeletons
  6 orc priests
  9 iguanas
  3 orc wizards
  A hound skeleton (D:5)
  A howler monkey zombie (D:7)
  7 gnolls
  2 howler monkey skeletons (D:6)
  7 adders
  A white imp (D:6)
  2 ufetubi
  An adder skeleton (D:4)
  2 worms
  4 dart slugs
  20 orcs
  4 ball pythons
  5 endoplasms
  2 giant cockroaches
  2 goblins
  7 hobgoblins
  2 jackals (D:4)
  2 quokkas (D:1)
  5 bats
  3 frilled lizards
  17 kobolds
  6 rats
254 creatures vanquished.

Notes
Turn   | Place    | Note
-------+----------+-------------------------------------------
     0 | D:1      | fragbeetle the Gargoyle Earth Elementalist began the quest
                  | for the Orb.
     0 | D:1      | Reached XP level 1. HP: 10/10 MP: 3/3
    25 | D:1      | Reached skill level 1 in Transmutations
   105 | D:1      | Reached XP level 2. HP: 7/15 MP: 1/5
   552 | D:1      | Found Puorhu's Jewellery Boutique.
   644 | D:1      | Found a faded altar of an unknown god.
   780 | D:1      | Reached XP level 3. HP: 19/19 MP: 3/6
  1020 | D:2      | Identified the +10 trident "Zaowk" {protect, rF+ rC+ rN+
                  | Will+}
  1056 | D:2      | Reached skill level 5 in Earth Magic
  2067 | D:3      | Learned a level 3 spell: Stone Arrow
  2187 | D:3      | Reached XP level 4. HP: 22/24 MP: 7/7
  2299 | D:3      | Reached skill level 1 in Conjurations
  3021 | D:4      | Reached XP level 5. HP: 22/28 MP: 8/8
  3512 | D:4      | Reached XP level 6. HP: 32/32 MP: 9/9
  4167 | D:5      | Entered Level 5 of the Dungeon
  4372 | D:5      | Found Liehitzu's Weapon Shop.
  4382 | D:5      | Bought 10 stones for 14 gold pieces
  4637 | D:5      | Reached XP level 7. HP: 36/36 MP: 10/10
  4653 | D:5      | Found Goneatu's Antique Armour Shoppe.
  4660 | D:5      | Reached skill level 5 in Conjurations
  4675 | D:5      | Found Naukkausm's Weapon Shoppe.
  4683 | D:5      | Bought 14 stones for 16 gold pieces
  4828 | D:5      | Found a staircase to the Ecumenical Temple.
  4855 | Temple   | Entered the Ecumenical Temple
  5064 | Temple   | Became a worshipper of Vehumet
  5291 | D:5      | Reached skill level 1 in Fighting
  5325 | D:5      | Found a hazy altar of Hepliaklqana.
  5564 | D:6      | Noticed Blork the orc
  5568 | D:6      | Killed Blork the orc
  5569 | D:6      | Reached XP level 8. HP: 42/46 MP: 11/11
  5658 | D:6      | Noticed a wyvern
  5664 | D:6      | Reached skill level 5 in Fighting
  5688 | D:6      | Killed a wyvern
  6147 | D:6      | Noticed Duvessa
  6147 | D:6      | Noticed Dowan
  6329 | D:6      | Noticed Sigmund
  6429 | D:7      | Reached XP level 9. HP: 38/60 MP: 10/12
  6590 | D:7      | Found Ytwaniv's Armour Boutique.
  6596 | D:7      | Bought a +0 helmet for 67 gold pieces
  6880 | D:7      | Reached * piety under Vehumet
  6880 | D:7      | Offered knowledge of Magic Dart by Vehumet.
  7144 | D:8      | Noticed a two-headed ogre
  7317 | D:6      | Killed Duvessa
  7318 | D:6      | Reached skill level 10 in Fighting
  7323 | D:6      | Killed Dowan
  7475 | D:6      | Killed Sigmund
  7879 | D:8      | Reached skill level 5 in Spellcasting
  8066 | D:8      | Reached skill level 1 in Polearms
  8268 | D:8      | Noticed Maurice
  8400 | D:8      | Reached XP level 10. HP: 63/68 MP: 13/17
  8440 | D:8      | Found a blossoming altar of Fedhas.
  8479 | D:8      | Identified the +6 quarterstaff "Baipt" {vorpal, rC+ Int+4}
  8882 | D:9      | Reached ** piety under Vehumet
  8883 | D:9      | Reached skill level 5 in Polearms
  9057 | D:8      | Offered knowledge of Shock by Vehumet.
  9349 | D:9      | Identified the +9 chain mail of the World {Str+4}
  9351 | D:9      | Noticed a skeletal warrior
  9629 | D:9      | Killed a skeletal warrior
  9843 | D:9      | Noticed a skeletal warrior
  9843 | D:9      | Noticed a skeletal warrior
  9843 | D:9      | Noticed a skeletal warrior
  9895 | D:8      | Killed a skeletal warrior
 10232 | D:9      | Found a shimmering blue altar of Sif Muna.
 10273 | D:9      | Found an opulent altar of Gozag.
 10465 | D:10     | Entered Level 10 of the Dungeon
 11042 | D:10     | Reached XP level 11. HP: 59/72 MP: 10/18
 11183 | D:10     | Found a staircase to the Lair.
 11578 | D:10     | Found Ytunog Xale's Distillery.
 11587 | D:10     | Bought a potion of brilliance for 48 gold pieces
 11587 | D:10     | Bought a potion of heal wounds for 60 gold pieces
 11587 | D:10     | Bought a potion of lignification for 36 gold pieces
 11668 | D:10     | Reached skill level 10 in Polearms
 11668 | D:10     | Reached skill level 1 in Armour
 11737 | D:10     | Offered knowledge of Ignite Poison by Vehumet.
 12381 | D:11     | Reached skill level 5 in Armour
 12466 | D:11     | Noticed a two-headed ogre
 12476 | D:11     | Killed a two-headed ogre
 12709 | D:11     | Reached *** piety under Vehumet
 13161 | D:11     | Noticed a two-headed ogre
 13167 | D:11     | Killed a two-headed ogre
 13393 | D:11     | Noticed a two-headed ogre
 13400 | D:11     | Killed a two-headed ogre
 13401 | D:11     | Reached XP level 12. HP: 77/77 MP: 19/19
 13553 | Lair:1   | Entered Level 1 of the Lair of Beasts
 13594 | Lair:1   | Learned a level 4 spell: Petrify
 13661 | Lair:1   | Reached skill level 10 in Armour
 13728 | Lair:1   | Noticed a seven-headed hydra
 13840 | Lair:1   | Noticed Erica
 13850 | Lair:1   | Killed Erica
 13901 | Lair:1   | Found a dark tunnel.
 13919 | Volcano  | Entered a volcano
 13941 | Volcano  | Offered knowledge of Frozen Ramparts by Vehumet.
 14053 | Volcano  | Reached skill level 10 in Earth Magic
 14053 | Volcano  | Reached skill level 1 in Evocations
 14547 | Volcano  | Learned a level 3 spell: Mephitic Cloud
 14576 | Volcano  | Slain by an alligator skeleton

Illustrated notes

Levels and vault maps discovered:
D:1:      minmay_arrival_five_plusses, layout_rooms, serial_shops,
          nicolae_square_shop, shapermc_ecumenical_altar_ellora
D:2:      layout_basic
D:3:      layout_basic, minmay_cupped
D:4:      layout_layer_cave, kennysheep_boxes
D:5:      layout_loops_cross, mainiacjoe_overflow_small_starburst,
          temple_statues, serial_shops, shop, shop, shop
D:6:      layout_loops_ring, kennysheep_generic_room_6, uniq_sigmund,
          uniq_duvessa, uniq_blork_the_orc
D:7:      layout_rooms, serial_shops, nicolae_shop_advertising_works
          [nicolae_subvault_shop_adworks]
D:8:      layout_rooms, old_standard_altar, nicolae_fountain_basement,
          uniq_maurice
D:9:      layout_long_grid, mainiacjoe_overflow_swirl
D:10:     layout_irregular_city, erik_lair_island, serial_shops,
          nicolae_shop_stone
D:11:     layout_roguey
Temple:   eino_narrow_crystal_temple
Lair:1:   layout_small_grid, nicolae_volcano_entry_hallway, lemuel_fruit_tree,
          serial_bayou_shore_a, uniq_erica
Volcano:  volcano_tomb [vts_chambers]

Skill      XL: |  1  2  3  4  5  6  7  8  9 10 11 12 |
---------------+-------------------------------------+-----
Transmutations | 1 |  1.0
Earth Magic    | 4 5 6 7 8 10 | 10.0
Conjurations   | 2 3 4 5 |  5.5
Fighting       | 3 8 10 | 10.0
Spellcasting   | 5 |  5.0
Polearms       | 2 8 10 | 10.0
Armour         | 9 10 | 10.0
Evocations     | 3 |  3.9
Dodging        | |  1.5
Stealth        | |  2.1

Action                   |  1- 3 |  4- 6 |  7- 9 | 10-12 || total
-------------------------+-------+-------+-------+-------++-------
Melee: Short sword       |    29 |       |       |       ||    29
       Long sword        |    10 |       |       |       ||    10
       Punch             |     1 |       |       |     5 ||     6
       Trident           |    41 |   110 |   222 |   442 ||   815
Throw: Dart              |       |       |       |     6 ||     6
 Cast: Sandblast         |     7 |       |     5 |    40 ||    52
       Stone Arrow       |       |     2 |    24 |    68 ||    94
Evoke: Wand              |       |       |     2 |     7 ||     9
  Use: Potion            |       |       |     2 |     1 ||     3
       Scroll            |       |       |       |    12 ||    12
 Stab: Sleeping          |     9 |     2 |     7 |     1 ||    19
Armor: Robe              |    30 |    40 |   110 |       ||   180
       Ring mail         |       |       |     4 |   178 ||   182
       Acid dragon scale |       |       |       |    85 ||    85
Dodge: Dodged            |    38 |    78 |   151 |   269 ||   536
